[Event "FIDE World Rapid Chess Championship 2021"]
[White "Riazantsev, Alexander"]
[Black "Pichot, Alan"]
[WhiteFideId "4125029"]
[BlackFideId "110973"]
[WhiteElo "2632"]
[BlackElo "2523"]
[Result "1/2-1/2"]
[Round "03"]
[TimeControl "900+10"]
[Date "2021.12.26"]
[WhiteClock "0:00:13"]
[BlackClock "0:01:18"]

1. d4 d5 2. c4 dxc4 3. Nf3 Nf6 4. e3 e6 5. Bxc4 a6 6. O-O c5 7. Be2 b5 8. a4 b4 9. b3 Bb7 10. Bb2 Nbd7 11. Nbd2 Be7 12. Nc4 O-O 13. Nfe5 cxd4 14. Nxd7 Nxd7 15. Bxd4 Nc5 16. Bxc5 Bxc5 17. Bf3 Qxd1 18. Rfxd1 Bxf3 19. gxf3 Rfd8 20. Na5 g6 21. Kf1 Kg7 22. Ke2 Kf6 23. Rac1 Rxd1 24. Rxd1 Ke7 25. Nc6+ Ke8 26. Ne5 f6 27. Nd3 Bd6 28. Rc1 Kd7 29. f4 Rc8 30. Rxc8 Kxc8 31. Ne1 Kc7 32. Kd3 Kc6 33. Kc4 a5 34. Nf3 Bc5 35. h3 Bb6 36. Nd2 Bc5 37. Ne4 Be7 38. Ng3 Bc5 39. Ne2 Bb6 40. Ng1 Ba7 41. Nf3 Bb6 42. Nh2 Bc5 43. Ng4 Be7 44. Nh2 Bc5 45. Nf3 Bb6 46. Ne1 Ba7 47. Nd3 Bb6 48. e4 Ba7 49. f3 Be3 50. f5 gxf5 51. exf5 exf5 52. Ne1 Bf4 53. Nc2 Be5 54. Ne3 f4 55. Nf5 Bb2 56. Nh4 Be5 57. Ng2 Bb8 58. Kd4 Bc7 59. Ne1 Bb8 60. Nd3 Bc7 61. Ke4 Bd6 62. Nb2 Be5 63. Nd3 Bd6 64. Nc1 Bb8 65. Ne2 Be5 66. h4 Kd6 67. Kf5 Kd5 68. h5 Kd6 69. Nc1 Kd5 70. Ne2 Kd6 71. Nc1 Kd5 72. Ne2 Kd6 73. h6 Kd5 1/2-1/2


[Site "http://www.Chess.com"]

[Event "FIDE World Rapid Chess Championship 2021"]
[White "Predke, Alexandr"]
[Black "Yuffa, Daniil"]
[WhiteFideId "24107581"]
[BlackFideId "24131423"]
[WhiteElo "2630"]
[BlackElo "2514"]
[Result "1-0"]
[Round "03"]
[TimeControl "900+10"]
[Date "2021.12.26"]
[WhiteClock "0:02:19"]
[BlackClock "0:00:02"]

1. d4 Nf6 2. c4 e6 3. Nc3 Bb4 4. e3 O-O 5. Bd3 c5 6. Ne2 d5 7. cxd5 cxd4 8. exd4 Nxd5 9. a3 Be7 10. Nxd5 exd5 11. O-O Nc6 12. Nf4 Bf6 13. Be3 g6 14. Bc2 Qd6 15. Qd2 Bg7 16. Rac1 Be6 17. Bb1 Rac8 18. Rc3 Ne7 19. Nxe6 fxe6 20. Rfc1 Rxc3 21. Rxc3 Nc6 22. Rd3 Rc8 23. g3 Ne7 24. Rb3 b6 25. Kg2 Qd7 26. Bd3 Nf5 27. Bxf5 exf5 28. Bf4 Rc4 29. Rd3 Qc6 30. b3 Rc2 31. Qe1 Bf8 32. Qe5 Qd7 33. a4 Bg7 34. Qe1 Kf7 35. Be5 Bxe5 36. Qxe5 Qe6 37. Re3 Qxe5 38. Rxe5 Rd2 39. Rxd5 Ke6 40. Rd8 h6 41. h4 Rb2 42. d5+ Ke5 43. d6 Rxb3 44. d7 Kd6 45. Rg8 Kxd7 46. Rxg6 a5 47. Rxh6 Rb4 48. h5 Kc7 49. Rg6 b5 50. h6 bxa4 51. h7 Rb8 52. Rg8 1-0


[Site "http://www.Chess.com"]

[Event "FIDE World Rapid Chess Championship 2021"]
[White "Petrosian, Tigran L."]
[Black "Czarnota, Pawel"]
[WhiteFideId "13301616"]
[BlackFideId "1121219"]
[WhiteElo "2621"]
[BlackElo "2511"]
[Result "1-0"]
[Round "03"]
[TimeControl "900+10"]
[Date "2021.12.26"]
[WhiteClock "0:00:48"]
[BlackClock "0:01:48"]

1. Nf3 Nf6 2. g3 d5 3. Bg2 c6 4. c4 e6 5. O-O Be7 6. b3 O-O 7. Bb2 Nbd7 8. Qc2 b6 9. d3 Bb7 10. e4 c5 11. Re1 d4 12. e5 Ne8 13. Bc1 a5 14. a4 Nc7 15. Qe2 Na6 16. h4 Nb4 17. Bf4 Qc7 18. Na3 Bc6 19. Ng5 Bxg2 20. Kxg2 Qc6+ 21. Kh2 Rfe8 22. Nb5 Nf8 23. Ne4 Rad8 24. Bg5 Rd7 25. Bxe7 Rexe7 26. Rad1 Kh8 27. Qh5 Na6 28. Rd2 Nc7 29. Nxc7 Qxc7 30. Rde2 Rd8 31. Ng5 Kg8 32. Re4 Qc6 33. Rg4 Qc7 34. Ne4 Ng6 35. Nf6+ gxf6 36. exf6 Kh8 37. Qh6 Rg8 38. Rg5 1-0


[Site "http://www.Chess.com"]

[Event "FIDE World Rapid Chess Championship 2021"]
[White "Wieczorek, Oskar"]
[Black "Amin, Bassem"]
[WhiteFideId "1133950"]
[BlackFideId "10601457"]
[WhiteElo "2367"]
[BlackElo "2614"]
[Result "0-1"]
[Round "03"]
[TimeControl "900+10"]
[Date "2021.12.26"]
[WhiteClock "0:00:12"]
[BlackClock "0:00:48"]

1. e4 e5 2. Nc3 Nf6 3. g3 Bc5 4. Bg2 c6 5. Nge2 O-O 6. O-O Re8 7. d3 h6 8. h3 d5 9. exd5 cxd5 10. d4 exd4 11. Nxd4 Bxd4 12. Qxd4 Nc6 13. Qd1 d4 14. Ne2 Bf5 15. Nf4 Qd7 16. g4 Be4 17. Nd3 Bxg2 18. Kxg2 Rac8 19. Qf3 Ne5 20. Nxe5 Rxe5 21. Bxh6 Rxc2 22. Rae1 Rxe1 23. Rxe1 Rxb2 24. Bg5 Rxa2 25. Bxf6 gxf6 26. Rd1 Kg7 27. h4 Ra6 28. h5 Rd6 29. Qf4 d3 30. g5 fxg5 31. Qxg5+ Kh7 32. Kh2 Rd5 33. Qh4 Qf5 34. Kg3 d2 35. h6 Qg5+ 36. Qxg5 Rxg5+ 0-1


[Site "http://www.Chess.com"]

[Event "FIDE World Rapid Chess Championship 2021"]
[White "Ponkratov, Pavel"]
[Black "Nihal, Sarin"]
[WhiteFideId "4157800"]
[BlackFideId "25092340"]
[WhiteElo "2614"]
[BlackElo "2500"]
[Result "0-1"]
[Round "03"]
[TimeControl "900+10"]
[Date "2021.12.26"]
[WhiteClock "0:08:27"]
[BlackClock "0:04:48"]

1. g3 e5 2. c4 c6 3. d4 e4 4. f3 Nf6 5. Nc3 Bb4 6. Bg2 d5 7. Bg5 Nbd7 8. cxd5 cxd5 9. fxe4 dxe4 10. Qa4 Bxc3+ 11. bxc3 O-O 12. Nh3 h6 13. Bxf6 Nxf6 14. O-O Nd5 15. Nf4 Ne3 16. Bxe4 Qe8 17. Qxe8 Rxe8 18. Bd3 Nxf1 19. Rxf1 Bd7 20. Bc4 Rac8 21. Bb3 b5 22. Rf3 a5 23. a3 Bg4 24. Rf2 Bf5 25. Rf3 Be4 26. Re3 Bb7 27. Rxe8+ Rxe8 28. Kf2 Rc8 29. Bd5 Ba6 30. Nd3 Rxc3 31. Nc5 Bc8 32. Bc6 b4 33. axb4 axb4 34. Bd5 Be6 35. Nxe6 fxe6 36. Bxe6+ Kf8 37. Ke1 b3 38. Kd2 b2 0-1


[Site "http://www.Chess.com"]

[Event "FIDE World Rapid Chess Championship 2021"]
[White "Efimenko, Zahar"]
[Black "Narayanan.S.L, "]
[WhiteFideId "14107201"]
[BlackFideId "5058422"]
[WhiteElo "2609"]
[BlackElo "2482"]
[Result "1/2-1/2"]
[Round "03"]
[TimeControl "900+10"]
[Date "2021.12.26"]
[WhiteClock "0:00:42"]
[BlackClock "0:01:20"]

1. Nf3 Nf6 2. g3 c5 3. Bg2 Nc6 4. O-O e5 5. e4 d6 6. Nc3 g6 7. d3 Bg7 8. Nd2 O-O 9. Nc4 Bg4 10. Qd2 Be6 11. Ne3 Nd4 12. f4 exf4 13. gxf4 Re8 14. Qf2 Kh8 15. Kh1 Rc8 16. f5 gxf5 17. Nxf5 Bxf5 18. exf5 h6 19. Qh4 Nh7 20. Qf2 b5 21. Bf4 Nf6 22. Rae1 Rxe1 23. Rxe1 Qd7 24. Ne4 Nxe4 25. dxe4 Qe7 26. Qd2 Re8 27. Rg1 Kh7 28. c3 Nc6 29. Qxd6 Qxd6 30. Bxd6 c4 31. Rd1 Ne5 32. Bxe5 Bxe5 33. Rd7 Kg7 34. Bf3 a6 35. Bh5 Rf8 36. a3 Kf6 37. Kg2 Bf4 38. h4 Bc1 39. Kf3 Bxb2 40. Rd6+ Ke5 41. Rd5+ Kf6 42. Rd6+ Ke5 43. Rd5+ Kf6 44. Rd6+ Ke5 45. Rd5+ 1/2-1/2


[Site "http://www.Chess.com"]

[Event "FIDE World Rapid Chess Championship 2021"]
[White "Bellahcene, Bilel"]
[Black "Chigaev, Maksim"]
[WhiteFideId "696358"]
[BlackFideId "4108116"]
[WhiteElo "2397"]
[BlackElo "2605"]
[Result "1-0"]
[Round "03"]
[TimeControl "900+10"]
[Date "2021.12.26"]
[WhiteClock "0:01:20"]
[BlackClock "0:00:17"]

1. e4 c5 2. Nf3 d6 3. d4 cxd4 4. Nxd4 Nf6 5. Nc3 a6 6. b3 e5 7. Nde2 b5 8. g3 Bb7 9. Bg2 Nbd7 10. O-O Rc8 11. h3 Be7 12. Nd5 Nxd5 13. exd5 O-O 14. a4 b4 15. a5 Nf6 16. Be3 Qd7 17. Qd2 Qb5 18. c4 bxc3 19. Nxc3 Qxb3 20. Rfb1 Rxc3 21. Rxb3 Rxb3 22. Qd1 Rb5 23. Rb1 Rxd5 24. Qe2 Bc8 25. Bb6 e4 26. Rc1 Rb5 27. Bf1 d5 28. Qc2 Bd7 29. Qc7 Ba3 30. Rc3 Bb4 31. Bxb5 Bxb5 32. Rb3 Bxa5 33. Bxa5 d4 34. Qd6 d3 35. Bc3 e3 36. fxe3 Ne4 37. Qd4 Nxc3 38. Rxc3 1-0


[Site "http://www.Chess.com"]

[Event "FIDE World Rapid Chess Championship 2021"]
[White "Erdos, Viktor"]
[Black "Kantor, Gergely"]
[WhiteFideId "719978"]
[BlackFideId "751499"]
[WhiteElo "2601"]
[BlackElo "2454"]
[Result "1-0"]
[Round "03"]
[TimeControl "900+10"]
[Date "2021.12.26"]
[WhiteClock "0:01:06"]
[BlackClock "0:01:07"]

1. d4 Nf6 2. Nc3 d5 3. Bf4 a6 4. e3 b5 5. a3 e6 6. Nf3 c5 7. Ne5 Bb7 8. Nd3 c4 9. Nc5 Qc8 10. Nxb7 Qxb7 11. g4 b4 12. axb4 Qxb4 13. Ra2 Ne4 14. Qa1 g5 15. Be5 f6 16. Bxb8 Nxc3 17. bxc3 Qxb8 18. h4 Bd6 19. hxg5 fxg5 20. Rxa6 Rxa6 21. Qxa6 Qb1+ 22. Kd2 O-O 23. f3 Rxf3 24. Qc8+ Rf8 25. Qxe6+ Kh8 26. Qxd5 Rxf1 27. Rxf1 Qxf1 28. Qxd6 Qf2+ 29. Kc1 Qxe3+ 30. Kb2 Qf4 31. Qd7 Qb8+ 32. Ka3 Qb1 33. Qd8+ Kg7 34. Qxg5+ Kf7 35. Qd5+ Kg7 36. Qxc4 Qxc2 37. Kb4 Qb2+ 38. Qb3 Qe2 39. Ka5 Qxg4 40. Qb7+ Kg6 41. Qc6+ Kg7 42. d5 h5 43. d6 Qf5+ 44. Ka6 Qd3+ 45. Kb7 h4 46. d7 h3 47. Kc7 Qg3+ 48. Kc8 Qg4 49. Kb8 Qf4+ 50. Ka7 Qe3+ 51. Qb6 Qxb6+ 52. Kxb6 h2 53. d8=Q h1=Q 54. Qd7+ Kf8 55. Qc8+ Ke7 56. Qb7+ Qxb7+ 57. Kxb7 Kd6 58. Kb6 Kd5 59. Kb5 Kd6 60. c4 Kd7 61. Kb6 Kd6 62. c5+ Kd7 63. Kb7 1-0


[Site "http://www.Chess.com"]

[Event "FIDE World Rapid Chess Championship 2021"]
[White "Ivic, Velimir"]
[Black "Adly, Ahmed"]
[WhiteFideId "950122"]
[BlackFideId "10601619"]
[WhiteElo "2357"]
[BlackElo "2597"]
[Result "1/2-1/2"]
[Round "03"]
[TimeControl "900+10"]
[Date "2021.12.26"]
[WhiteClock "0:00:15"]
[BlackClock "0:02:40"]

1. e4 c5 2. Nf3 Nf6 3. e5 Nd5 4. Nc3 Nxc3 5. dxc3 Nc6 6. Bf4 Qc7 7. Qd2 e6 8. h4 h6 9. h5 Rb8 10. c4 b6 11. Rh3 Bb7 12. O-O-O a6 13. Kb1 Na5 14. Qe1 Ba8 15. Nd2 b5 16. b3 Bc6 17. Rg3 Ba8 18. Bd3 Nc6 19. Be4 Qa5 20. c3 b4 21. Bxc6 Bxc6 22. Ne4 bxc3 23. Nxc3 Qb4 24. Qe2 a5 25. Ne4 a4 26. Nd6+ Bxd6 27. Rxd6 Ke7 28. Bd2 Qb7 29. Qg4 Rhg8 30. Qh4+ f6 31. Rxg7+ Rxg7 32. Qxf6+ Ke8 33. Qxg7 axb3 34. Qh8+ Kf7 35. Qh7+ Ke8 36. Qh8+ Kf7 1/2-1/2


[Site "http://www.Chess.com"]

[Event "FIDE World Rapid Chess Championship 2021"]
[White "Sindarov, Javokhir"]
[Black "Bluebaum, Matthias"]
[WhiteFideId "14205483"]
[BlackFideId "24651516"]
[WhiteElo "2353"]
[BlackElo "2575"]
[Result "1/2-1/2"]
[Round "03"]
[TimeControl "900+10"]
[Date "2021.12.26"]
[WhiteClock "0:00:16"]
[BlackClock "0:02:23"]

1. e4 c6 2. Nf3 d5 3. Nc3 dxe4 4. Nxe4 Nf6 5. Qe2 Nxe4 6. Qxe4 Nd7 7. Bc4 Nf6 8. Ne5 e6 9. Qe2 b5 10. Bd3 Qc7 11. a4 Bd6 12. Nxc6 b4 13. Nd4 a6 14. Nf5 Bb7 15. Nxd6+ Qxd6 16. O-O h5 17. Qe3 Rd8 18. f3 h4 19. b3 Nd5 20. Qf2 f5 21. Bb2 Nf4 22. Rfe1 Nxd3 23. cxd3 Kf7 24. Rac1 Rd7 25. h3 Bd5 26. Be5 Qe7 27. Qb6 Ra8 28. Rb1 Rb7 29. Qe3 Rc8 30. d4 Rb6 31. Rbc1 Rbc6 32. Rc5 Rxc5 33. dxc5 Rxc5 34. Qf4 Rc2 35. Bd6 Qa7+ 36. Kh2 Qf2 37. Qg5 Qxe1 38. Qe7+ Kg8 39. Qe8+ 1/2-1/2


[Site "http://www.Chess.com"]

[Event "FIDE World Rapid Chess Championship 2021"]
[White "Sargsyan, Shant"]
[Black "Alonso Rosell, Alvar"]
[WhiteFideId "13306766"]
[BlackFideId "2270544"]
[WhiteElo "2344"]
[BlackElo "2571"]
[Result "0-1"]
[Round "03"]
[TimeControl "900+10"]
[Date "2021.12.26"]
[WhiteClock "0:00:01"]
[BlackClock "0:01:05"]

1. d4 Nf6 2. c4 e6 3. Nf3 d5 4. g3 Bb4+ 5. Bd2 Be7 6. Bg2 O-O 7. O-O Nbd7 8. Qc2 c6 9. Bf4 Nh5 10. Bc1 Nhf6 11. Nbd2 b6 12. e4 dxc4 13. Nxc4 Bb7 14. Rd1 c5 15. d5 exd5 16. e5 Ne8 17. Qf5 g6 18. Qh3 Ng7 19. Bh6 Qc8 20. Ng5 Bxg5 21. Nd6 Nxe5 22. Nxc8 Bxc8 23. g4 Bxg4 24. Qg3 Bxh6 25. Rxd5 Nh5 26. Qxe5 Rae8 27. Qc7 Nf4 28. Qxa7 Nxd5 29. Bxd5 Be6 30. Bxe6 Rxe6 31. Rd1 Bg7 32. Rd2 Bd4 33. Kg2 Rfe8 34. Qa6 Rf6 35. a4 Kg7 36. Qb5 Re4 37. f3 Re3 38. b4 Rb3 39. Rxd4 cxd4 40. Qc4 Ra3 41. Qxd4 Rxa4 42. h4 Ra2+ 43. Kg1 Ra3 44. h5 Rxf3 45. b5 Rf5 46. h6+ Kxh6 47. Qe3+ Kg7 48. Qd4 Rxb5 0-1


[Site "http://www.Chess.com"]

[Event "FIDE World Rapid Chess Championship 2021"]
[White "Szpar, Milosz"]
[Black "Vakhidov, Jakhongir"]
[WhiteFideId "1184989"]
[BlackFideId "14201801"]
[WhiteElo "2315"]
[BlackElo "2566"]
[Result "1/2-1/2"]
[Round "03"]
[TimeControl "900+10"]
[Date "2021.12.26"]
[WhiteClock "0:00:00"]
[BlackClock "0:00:00"]

1. e4 c5 2. Nf3 g6 3. d4 cxd4 4. Nxd4 Bg7 5. c4 Nc6 6. Be3 Qb6 7. Nb3 Qd8 8. Qd2 Nf6 9. f3 d6 10. Nc3 O-O 11. Be2 Be6 12. O-O Nd7 13. Rac1 a5 14. Nd4 Nxd4 15. Bxd4 Bxd4+ 16. Qxd4 Qb6 17. Qxb6 Nxb6 18. Nd5 Bxd5 19. cxd5 Rac8 20. Bb5 f5 21. exf5 gxf5 22. Rfe1 Kf7 23. Bd3 Rxc1 24. Rxc1 Kf6 25. Rc7 Rb8 26. Bc4 Na4 27. Bb5 Nb6 28. Bc4 Na8 29. Rd7 Rc8 30. Bd3 Rc1+ 31. Kf2 Nc7 32. Rd8 Nxd5 33. Rf8+ Kg7 34. Rxf5 e6 35. Rh5 h6 36. Be4 Nf4 37. Rxa5 d5 38. Kg3 Nh5+ 39. Kf2 dxe4 40. Rxh5 Rc2+ 41. Kg3 exf3 42. Kxf3 Rxb2 43. a4 Rb3+ 44. Kf2 Rb4 45. Rb5 Rxa4 46. Rxb7+ Kf6 47. Rb8 h5 48. Rh8 Kg5 49. Kf3 Ra3+ 50. Ke4 Ra2 51. Rg8+ Kf6 52. Rh8 Ra4+ 53. Kf3 Kg6 54. Re8 Kf5 55. Rf8+ Ke5 56. Rh8 Ra3+ 57. Kf2 Kd4 58. Rxh5 e5 59. g4 e4 60. Rh8 Ra2+ 61. Kg3 e3 62. Re8 Kd3 63. g5 Ra1 64. h4 e2 65. h5 Ra5 66. Kg4 Ra4+ 67. Kf5 Ra5+ 68. Kg6 Ra4 69. Kf5 Ra5+ 70. Kf6 Ra6+ 71. Kg7 Ra8 72. Rxe2 Kxe2 73. g6 Kf3 74. Kh7 Kg4 75. h6 1/2-1/2


[Site "http://www.Chess.com"]

[Event "FIDE World Rapid Chess Championship 2021"]
[White "Babazada, Khazar"]
[Black "Jumabayev, Rinat"]
[WhiteFideId "13413554"]
[BlackFideId "13702661"]
[WhiteElo "2170"]
[BlackElo "2562"]
[Result "0-1"]
[Round "03"]
[TimeControl "900+10"]
[Date "2021.12.26"]
[WhiteClock "0:00:27"]
[BlackClock "0:00:21"]

1. e4 e6 2. d4 d5 3. Nc3 Nf6 4. e5 Nfd7 5. Nce2 c5 6. c3 Nc6 7. Nf3 Qb6 8. a3 f6 9. Nf4 cxd4 10. cxd4 fxe5 11. Nxe6 Nf6 12. Nxf8 Rxf8 13. dxe5 Ne4 14. Be3 Qxb2 15. Qc1 Qb3 16. Rb1 Qa4 17. Bb5 Qa5+ 18. Nd2 Nxd2 19. Bxd2 Qc7 20. O-O Bf5 21. Rb3 a6 22. Bxc6+ Qxc6 23. Rc3 Qe6 24. Rc7 Rf7 25. Bb4 Rxc7 26. Qxc7 Qd7 27. Qc1 Rc8 28. Qg5 Kf7 29. f4 h6 30. Qh5+ Kg8 31. h3 d4 32. Qf3 Rc2 33. Bd6 Qb5 34. Rd1 Qc4 35. Bb4 d3 36. Rd2 Be4 37. Qe3 Qd5 38. e6 Qxe6 39. Qd4 Qf5 40. Bc3 Rc1+ 0-1


[Site "http://www.Chess.com"]

[Event "FIDE World Rapid Chess Championship 2021"]
[White "Socko, Bartosz"]
[Black "Costachi, Mihnea"]
[WhiteFideId "1107038"]
[BlackFideId "1217518"]
[WhiteElo "2562"]
[BlackElo "2443"]
[Result "1-0"]
[Round "03"]
[TimeControl "900+10"]
[Date "2021.12.26"]
[WhiteClock "0:01:22"]
[BlackClock "0:00:21"]

1. d4 Nf6 2. c4 c6 3. Nf3 d5 4. Nbd2 g6 5. g3 Bg7 6. Bg2 O-O 7. O-O Nbd7 8. b3 a5 9. Bb2 a4 10. Qc2 Qa5 11. Bc3 Qa6 12. e4 dxe4 13. Ng5 Rd8 14. Ngxe4 Nxe4 15. Nxe4 Qb6 16. b4 Nf6 17. Nc5 Bf5 18. Qe2 Qc7 19. Rfe1 Re8 20. Rac1 Nd7 21. Nd3 Nb6 22. Nf4 Rad8 23. c5 Nd5 24. Nxd5 cxd5 25. b5 e5 26. Qd2 Rc8 27. dxe5 Qxc5 28. Qxd5 Bh6 29. Qxc5 Rxc5 30. f4 Rxb5 31. Bf1 Rc5 32. Bb4 Rxc1 33. Rxc1 Rxe5 34. Rc7 Re4 35. Rxb7 Bf8 36. Bxf8 Kxf8 37. Bd3 Rd4 38. Bxf5 gxf5 39. Rb2 Rd1+ 40. Kf2 Ra1 41. Ke3 Kg7 42. Kd4 Rc1 43. Rb4 Rc2 44. Rxa4 Rxh2 45. Ke3 Kg6 46. Ra7 h5 47. Ra6+ f6 48. a4 h4 49. gxh4 Rh3+ 50. Kf2 Rxh4 51. Kg3 Rh1 52. Rc6 Ra1 53. Rc4 Ra3+ 54. Kf2 Kh5 55. Ke2 Kg4 56. Kd2 Rh3 57. Kc2 Re3 58. Kb2 Re2+ 59. Kb3 Re1 60. a5 Rb1+ 61. Ka4 Kf3 62. a6 Ke3 63. Ka5 Kd3 64. Rb4 Ra1+ 65. Ra4 Rh1 66. a7 Rh8 67. Kb6 Ke3 68. Kc6 Ra8 69. Kb7 Rh8 70. a8=Q Rxa8 71. Kxa8 1-0


[Site "http://www.Chess.com"]

[Event "FIDE World Rapid Chess Championship 2021"]
[White "Theodorou, Nikolas"]
[Black "Tang, Andrew"]
[WhiteFideId "4262875"]
[BlackFideId "2059630"]
[WhiteElo "2559"]
[BlackElo "2427"]
[Result "1-0"]
[Round "03"]
[TimeControl "900+10"]
[Date "2021.12.26"]
[WhiteClock "0:00:30"]
[BlackClock "0:00:17"]

1. d4 d5 2. c4 e6 3. Nf3 Nf6 4. Nc3 Be7 5. Bf4 O-O 6. e3 Nbd7 7. c5 Ne4 8. Bd3 f5 9. h3 c6 10. O-O Bf6 11. Bh2 b6 12. cxb6 axb6 13. a4 Ba6 14. Rc1 Nxc3 15. Rxc3 c5 16. b3 Qe7 17. Qe2 Bxd3 18. Qxd3 g5 19. Qb5 g4 20. hxg4 fxg4 21. Ne5 Bxe5 22. dxe5 Rfc8 23. Qe2 Qg7 24. e4 d4 25. Rg3 h5 26. f4 c4 27. bxc4 Rxa4 28. Rd3 Raxc4 29. Bg3 Nc5 30. Rdd1 d3 31. Qa2 Qd7 32. Qxc4 b5 33. Qb4 Na6 34. Qd6 1-0


[Site "http://www.Chess.com"]

[Event "FIDE World Rapid Chess Championship 2021"]
[White "Gukesh, D"]
[Black "Ghaem Maghami, Ehsan"]
[WhiteFideId "46616543"]
[BlackFideId "12500739"]
[WhiteElo "2050"]
[BlackElo "2553"]
[Result "0-1"]
[Round "03"]
[TimeControl "900+10"]
[Date "2021.12.26"]
[WhiteClock "0:02:25"]
[BlackClock "0:01:41"]

1. Nf3 Nf6 2. g3 g6 3. Bg2 Bg7 4. O-O d5 5. d4 O-O 6. c4 c6 7. Qb3 a5 8. cxd5 a4 9. Qd1 cxd5 10. Nc3 Qa5 11. Bd2 Nc6 12. Ne5 Nxd4 13. e3 Nb5 14. Nxd5 Qd8 15. Nf4 Nd6 16. Bb4 Qb6 17. a3 Qb5 18. Bxd6 exd6 19. Ned3 Bg4 20. Bf3 Bxf3 21. Qxf3 g5 22. Rad1 gxf4 23. Nxf4 Qxb2 24. Rxd6 Qxa3 25. Rfd1 Qc3 26. g4 a3 27. g5 Ne8 28. R6d3 Qc6 29. Nd5 Kh8 30. e4 a2 31. Ra3 Rxa3 32. Qxa3 Qa6 0-1


[Site "http://www.Chess.com"]

[Event "FIDE World Rapid Chess Championship 2021"]
[White "Kozak, Adam"]
[Black "Teclaf, Pawel"]
[WhiteFideId "753246"]
[BlackFideId "1185934"]
[WhiteElo "2552"]
[BlackElo "2345"]
[Result "0-1"]
[Round "03"]
[TimeControl "900+10"]
[Date "2021.12.26"]
[WhiteClock "0:00:11"]
[BlackClock "0:00:12"]

1. d4 d5 2. c4 c6 3. Nf3 Nf6 4. Nc3 dxc4 5. a4 Bf5 6. Ne5 e6 7. f3 Bb4 8. Nxc4 O-O 9. Kf2 h6 10. e4 Bh7 11. Be3 a5 12. Be2 Na6 13. Qb3 Nd7 14. Rhd1 Kh8 15. Kg1 f5 16. e5 f4 17. Bf2 Qe7 18. Bd3 Bxd3 19. Rxd3 Nc7 20. Na2 Nd5 21. Nxb4 axb4 22. Rdd1 N7b6 23. Nd6 Nc8 24. Ne4 b6 25. Rdc1 Qd7 26. Qc4 Nce7 27. Nd6 Rxa4 28. Rxa4 b5 29. Qb3 bxa4 30. Qxa4 Qc7 31. Qa6 Rb8 32. Rc5 Rb6 33. Qa4 Rb8 34. Ra5 Kg8 35. Ra7 Qb6 36. Ra6 Qc7 37. h3 b3 38. Ra8 Rxa8 39. Qxa8+ Kh7 40. Qf8 Qa5 41. Kh2 Qd2 42. Ne4 Qxb2 43. Nf6+ gxf6 44. Qf7+ Kh8 45. exf6 Nxf6 46. Qxf6+ Kg8 47. Qxe6+ Kf8 48. Bh4 Ng8 49. Qxc6 Qc2 50. Qd6+ Kg7 51. Qe5+ Kh7 52. Qxf4 b2 53. Qf7+ Kh8 54. Bf6+ Nxf6 55. Qxf6+ Kg8 56. Qe6+ Kf8 57. Qf6+ Ke8 58. Qe6+ Kd8 59. Qd6+ Kc8 60. Qa6+ Kc7 61. Qa5+ Kc6 62. d5+ Kd6 63. Qd8+ Ke5 64. f4+ Kxf4 65. Qd6+ 0-1


[Site "http://www.Chess.com"]

[Event "FIDE World Rapid Chess Championship 2021"]
[White "Parligras, Mircea-Emilian"]
[Black "Dudin, Gleb"]
[WhiteFideId "1204297"]
[BlackFideId "34184934"]
[WhiteElo "2550"]
[BlackElo "2247"]
[Result "1/2-1/2"]
[Round "03"]
[TimeControl "900+10"]
[Date "2021.12.26"]
[WhiteClock "0:02:31"]
[BlackClock "0:00:40"]

1. d4 g6 2. Nf3 Bg7 3. Bf4 d6 4. Nc3 a6 5. a4 Nd7 6. e4 c5 7. Be3 cxd4 8. Bxd4 Ngf6 9. Bc4 O-O 10. O-O b6 11. e5 dxe5 12. Nxe5 Qc7 13. Nxd7 Bxd7 14. Be2 Bc6 15. Bxf6 Bxf6 16. Bf3 Bxc3 17. bxc3 Rfd8 18. Qe2 Bxf3 19. Qxf3 Rac8 20. Ra3 Rd6 21. Rd1 Rc6 22. Rd3 Rf6 23. Qe2 a5 24. g3 Kg7 25. Re3 e6 26. Rb3 Rf5 27. Qa6 Rb8 28. Qe2 Rd5 29. Rd3 Qc4 30. Qe3 Rf5 31. Qd4+ Qxd4 32. cxd4 Rc8 33. c3 Rc6 34. Kg2 Rd5 35. Re3 f6 36. f4 Rdd6 37. Kf3 Rc4 38. Ra3 Kf7 39. Ke2 h5 40. Kd3 Rdc6 41. Re1 Rc7 42. Rb1 R4c6 43. Re1 Rd6 44. Rb3 Ke7 45. h3 Kd7 46. Reb1 Rcc6 47. g4 e5 48. fxe5 fxe5 49. gxh5 gxh5 50. Rb5 exd4 51. cxd4 h4 52. Rh5 Rh6 53. Rbb5 Rcg6 54. Rbd5+ Kc6 55. Rxh6 Rxh6 56. Rg5 Rf6 57. Kc4 Rf3 58. Rg6+ Kc7 59. Rg7+ Kd8 60. Kb5 Rxh3 61. Kxb6 Rd3 62. Rg4 h3 63. Rh4 Ke7 64. Kxa5 Kf6 65. Kb5 Kg5 66. Rh8 Kg4 67. Kc5 Ra3 68. Kb4 Rd3 69. Kc4 Rf3 70. d5 Rf4+ 71. Kb5 Rf5 72. Kc6 Rh5 73. Rg8+ Kf5 74. Rg1 h2 75. Rh1 Ke5 76. d6 Rh6 77. Re1+ Kf5 78. Rh1 Ke5 79. Kc7 Rxd6 80. Re1+ Kd5 81. Rd1+ Ke5 82. Re1+ Kd5 83. Rd1+ Ke5 84. Re1+ Kd5 85. Rd1+ Ke5 86. Rh1 Rh6 1/2-1/2


[Site "http://www.Chess.com"]

[Event "FIDE World Rapid Chess Championship 2021"]
[White "Yunusov, Mukhammad"]
[Black "Shoker, Samy"]
[WhiteFideId "14700930"]
[BlackFideId "627143"]
[WhiteElo "1832"]
[BlackElo "2550"]
[Result "1/2-1/2"]
[Round "03"]
[TimeControl "900+10"]
[Date "2021.12.26"]
[WhiteClock "0:12:08"]
[BlackClock "0:15:10"]

1. e4 c6 2. Nf3 d5 3. d3 dxe4 4. dxe4 Qxd1+ 5. Kxd1 Nd7 6. Nbd2 g6 7. Ne1 Bg7 8. Nd3 f5 9. exf5 gxf5 10. Nf4 Ne5 11. Nh5 Bh6 12. Nc4 Ng6 13. Bxh6 Nxh6 14. f4 Kf7 15. Bd3 Be6 16. Ne3 Rad8 17. Ke2 Rd4 18. Rhf1 Rhd8 19. g4 Nh4 20. g5 Ng4 21. Nxg4 fxg4 22. Ng3 Bc4 23. Rad1 Bxd3+ 24. Rxd3 Rxd3 25. cxd3 Kg6 26. Ke3 Rd5 27. Rg1 Ra5 28. a3 Rb5 29. b4 a5 30. bxa5 Rxa5 31. Rb1 e5 32. fxe5 Rxe5+ 33. Kf4 Rxg5 34. Ne4 Rf5+ 35. Kxg4 Nf3 36. Rxb7 Ne5+ 37. Kg3 Rf3+ 38. Kg2 Rxd3 39. a4 Rd4 40. Nc5 Rc4 41. Nd7 Nxd7 42. Rxd7 Rxa4 1/2-1/2


[Site "http://www.Chess.com"]

[Event "FIDE World Rapid Chess Championship 2021"]
[White "Piorun, Kacper"]
[Black "Suleymanli, Aydin"]
[WhiteFideId "1130420"]
[BlackFideId "13413937"]
[WhiteElo "2547"]
[BlackElo "2202"]
[Result "1-0"]
[Round "03"]
[TimeControl "900+10"]
[Date "2021.12.26"]
[WhiteClock "0:01:19"]
[BlackClock "0:01:18"]

1. d4 Nf6 2. Nf3 e6 3. e3 b6 4. Bd3 Bb7 5. O-O c5 6. c4 Be7 7. Nc3 cxd4 8. exd4 d6 9. d5 e5 10. Nh4 g6 11. Bh6 Nbd7 12. g3 Bf8 13. Bxf8 Kxf8 14. Qd2 h6 15. f4 Kg7 16. Qc2 exf4 17. Bxg6 fxg3 18. Bxf7 Ne5 19. hxg3 Rf8 20. Rae1 Nfg4 21. Be6 Qg5 22. Nf5+ Kh8 23. Ne4 Qg6 24. Nexd6 Ba6 25. Rxe5 Rad8 26. Qc3 Nxe5 27. Qxe5+ Kh7 28. Rf4 Rf6 29. Ne4 Rff8 30. Rh4 1-0


[Site "http://www.Chess.com"]

[Event "FIDE World Rapid Chess Championship 2021"]
[White "Demidov, Mikhail"]
[Black "Mitrabha, Guha"]
[WhiteFideId "4197143"]
[BlackFideId "5057000"]
[WhiteElo "2544"]
[BlackElo "2107"]
[Result "1-0"]
[Round "03"]
[TimeControl "900+10"]
[Date "2021.12.26"]
[WhiteClock "0:01:20"]
[BlackClock "0:00:45"]

1. e4 c5 2. Nf3 d6 3. Bb5+ Nd7 4. Ba4 Nf6 5. O-O e6 6. Re1 a6 7. c4 Be7 8. Nc3 O-O 9. d3 Qc7 10. Bf4 b6 11. h3 Bb7 12. a3 Ne5 13. Nxe5 dxe5 14. Bg3 Rad8 15. Qf3 Nd7 16. Qh5 f6 17. Rad1 Nb8 18. Qg4 Qc8 19. f4 exf4 20. Bxf4 Nc6 21. Ne2 Kh8 22. Rf1 Na7 23. Be3 Bc6 24. Bc2 Bd7 25. Qg3 Nc6 26. Bf4 e5 27. Be3 Nd4 28. Rd2 Bc6 29. Nxd4 cxd4 30. Bf2 Bd6 31. Be1 f5 32. Rxf5 Rxf5 33. exf5 e4 34. Qg5 e3 35. f6 Rg8 36. Re2 Qe6 37. Bh4 Be5 38. f7 Rf8 39. Qe7 Qxe7 40. Bxe7 Rxf7 41. Bd8 b5 42. Bb3 Rd7 43. Bh4 h6 44. c5 Rc7 45. Be6 Be8 46. Rc2 g5 47. Be1 Bg6 48. c6 Bxd3 49. Rc5 Bd6 50. Ba5 Bxc5 51. Bxc7 Be4 52. Be5+ Kh7 53. c7 Bb7 54. Bf5+ Kg8 55. Kf1 d3 56. Bxd3 Bc8 57. g4 b4 58. axb4 Bxb4 59. Bf5 Bb7 60. c8=Q+ Bxc8 61. Bxc8 a5 62. b3 Kf7 63. Ke2 Bd2 64. Bd4 Kg6 65. Bf5+ Kf7 66. Bxe3 Bc3 67. Kd3 1-0


[Site "http://www.Chess.com"]